 Dungeon Crawl Stone Soup version 0.32-a0-17-gb74e046682 (webtiles) character file.

Game seed: 13182365451287318227

46 cforsyth the Changeling (level 3, -2/37 HPs)
             Began as an Oni Shapeshifter on Jan 15, 2024.
             Slain by a gnoll
             ... wielding a +0 club
              (4 damage)
             ... on level 2 of the Dungeon.
             The game lasted 00:00:51 (952 turns).

cforsyth the Changeling (Oni Shapeshifter)           Turns: 952, Time: 00:00:52

Health: -2/37      AC:  3    Str: 20    XL:     3   Next: 68%
Magic:  3/3        EV:  9    Int: 11    God:
Gold:   106        SH:  0    Dex:  8    Spells: 2/2 levels left

rFire   . .          .
                       - Unarmed
rCold   . . .        (no shield)
rNeg    . . .        a - +0 animal skin
rPois   .            (helmet currently unavailable)
rElec   .            (cloak currently unavailable)
rCorr   .            (gloves unavailable)
SInv    .            (boots unavailable)
Will    .....        (no amulet)
Stlth   +            (no ring)
HPRegen 0.26/turn    (no ring)
MPRegen 0.08/turn

%: no passive effects
@: lethally poisoned (-2 -> -3), beast-form
A: beast (slay +2), large, unfitting armour, horns 1, tough skin 1, double
potion healing, drunken brawling
a: Begin Untransformation


You were on level 2 of the Dungeon.
You were a hulking beast.
You visited 1 branch of the dungeon, and saw 2 of its levels.

You collected 106 gold pieces.

Inventory:

Armour
 a - a +0 animal skin (worn)
 f - a +0 cloak
Talismans
 c - a beast talisman
 d - a flux talisman
Scrolls
 e - a scroll of vulnerability {unknown}
 g - a scroll of acquirement {unknown}
Potions
 b - a potion of lignification
 h - a potion of curing {unknown}
 i - a potion of enlightenment {unknown}
 j - a potion of berserk rage {unknown}


   Skills:
 + Level 3.2 Fighting
 - Level 1.7 Dodging
 + Level 2.8 Unarmed Combat
 + Level 3.6 Shapeshifting


You had 2 spell levels left.
You didn't know any spells.
Your spell library contained the following spells:

 Spells                   Type           Power      Damage    Failure   Level
 Fugue of the Fallen      Necr           0%         N/A       71%         3
 Ozocubu's Armour         Ice            0%         N/A       71%         3
 Manifold Assault         Tloc           0%         N/A       98%         4
 Conjure Ball Lightning   Conj/Air       0%         3x3d6     100%        6
 Discord                  Hex            0%         N/A       100%        8
 Disjunction              Tloc           0%         N/A       100%        8


Dungeon Overview and Level Annotations

Branches:
Dungeon (2/15)

Altars:


Innate Abilities, Weirdness & Mutations

You are a hulking beast.
Your limbs bulge with bestial killing power. (Slay +2)
You are too large for most types of armour.
You have a pair of small horns on your head.
You have tough skin. (AC +1)
You gain doubled healing and magic from potions.
Whenever you drink a healing potion, you attack all around you.


Message History

The adder hisses angrily.
You hear a shout!
A gnoll comes into view. It is wielding a +0 spear.
A gnoll comes into view. It is wielding a +0 club.
The gnoll shouts! x2
A gnoll comes into view.
It is wielding a +0 whip and quivering 2 throwing nets.
A gnoll comes into view. It is wielding a +0 flail.
The endoplasm freezes you.
You are frozen.
The adder bites you.
The gnoll shouts!
You hit the adder. You headbutt the adder.
The adder is heavily wounded.
The adder bites you.
You are poisoned.
The adder poisons you! The endoplasm barely misses you.
You barely miss the adder. Your headbutt misses the adder.
The adder is moderately wounded.
You feel sick. The adder barely misses you. The endoplasm freezes you.
You are frozen.
The gnoll barely misses you. The adder bites you.
You hit the adder but do no damage.
The adder is moderately wounded.
You feel sick. The gnoll misses you.
The endoplasm hits you but does no damage.
The adder bites you but does no damage.
You closely miss the adder.
The adder is moderately wounded.
You feel sick. The gnoll hits you with a +0 club. The adder closely misses you.
The gnoll hits you from afar with a +0 spear.
You barely miss the adder. You headbutt the adder!
You kill the adder!
You feel sick.
The gnoll hits you from afar with a +0 spear!
* * * LOW HITPOINT WARNING * * *
You feel sick. The gnoll hits you with a +0 club.
* * * LOW HITPOINT WARNING * * *
* * * LOW HITPOINT WARNING * * *
You feel sick.
The gnoll throws a throwing net.
The throwing net barely misses you. The gnoll attacks as it pursues you!
The gnoll hits you with a +0 club.
You die...

#####.##..#.....###
#.##.#.##>....#
#..<.####.....###.#
#.#### #.........#
#. #.....##### #
#.....# ###†###
######.##########
...(....hgg.......
####.####J..g.....
.. #...........
...........g......
.....##......$....
. .. ......#......
###..####..... #..
.#### ... #


You could see 4 gnolls and an endoplasm.

Vanquished Creatures
  An adder (D:2)
  3 dart slugs
  3 bats
  3 endoplasms (D:1)
  2 giant cockroaches (D:1)
  3 hobgoblins (D:1)
  4 jackals (D:1)
  2 kobolds (D:1)
  2 quokkas (D:1)
  2 ball pythons (D:1)
  A frilled lizard (D:1)
  2 rats (D:1)
28 creatures vanquished.

Notes
Turn   | Place    | Note
-------+----------+-------------------------------------------
     0 | D:1      | cforsyth the Oni Shapeshifter began the quest for the Orb.
     0 | D:1      | Reached XP level 1. HP: 19/19 MP: 1/1
   107 | D:1      | Reached XP level 2. HP: 17/28 MP: 2/2
   324 | D:1      | Reached XP level 3. HP: 36/36 MP: 3/3
   952 | D:2      | Slain by a gnoll

Illustrated notes

Levels and vault maps discovered:
D:1:      wander_arrival_desolate, layout_basic
D:2:      layout_loops_cross, minmay_misc_feat_doors, grunt_ministairs_5

Skill      XL: |  1  2  3 |
---------------+----------+-----
Fighting       | 2 3 |  3.2
Dodging        | |  1.7
Unarmed Combat | |  2.8
Shapeshifting  | |  3.6

Action                     || total
---------------------------++-------
  Melee: Unarmed           ||    73
         Headbutt          ||     6
         Punch             ||     2
   Stab: Sleeping          ||     2
 Armour: Animal skin       ||    49
  Dodge: Dodged            ||    37

Table legend: (Time is in decaauts)
 A = Elapsed time spent in this place.
 B = Non-inter-level travel time spent in this place.
 C = Inter-level travel time spent in this place.
 D = Time resting spent in this place.
 E = Time spent auto-exploring this place.
 F = Levels seen in this place.
 G = Mean time per level.
                   A        B        C        D        E       F      G
               +--------+--------+--------+--------+--------+-----+--------+
         Total |    948 |    909 |     39 |      0 |    756 |   2 |  474.0 |
       Dungeon |    948 |    909 |     39 |      0 |    756 |   2 |  474.0 |
               +--------+--------+--------+--------+--------+-----+--------+

Top non-repeatable levels by time:
     D:1: 893 daAuts
     D:2: 54 daAuts
